Eri, neutral male gnomish Wizard ----- |....#######---------- |...| #..........# |....# |........|# |...|# .......<|# |...|# . --- --.--# ## ## # # # # `## # # |---- ` # ### .....## # # -------..... ------|- ### |..........-` |......| # |.....@....| |%?=.%.| ##...........+ |!(%!+.| ------------ |+%[*))| -------- Eri the Conjurer Experience level: 5 Strength: 10 Dexterity: 11 Constitution: 14 Intelligence: 17 Wisdom: 16 Charisma: 6 Health: 0(37) Energy: 34(34) Def: 1 Gold: 598 Moves: 1878 Dungeon seed: w-8ZR9KvLbrL7xoy Game ID: Eri_1626970656 Your Inventory: Coins $ - 598 gold pieces Weapons a - a blessed +1 quarterstaff (weapon in hands) f - an uncursed +2 aklys (alternate weapon; not wielded) G - 7 uncursed +0 darts (in quiver) P - a cursed +0 flail R - a cursed -2 morning star Armor e - an uncursed +0 cloak of magic resistance (being worn) Comestibles E - 2 uncursed food rations M - an uncursed honeydew S - an uncursed fortune cookie Scrolls g - 4 uncursed scrolls of scare monster i - an uncursed scroll of identify m - a cursed scroll of water v - an uncursed scroll of light Spellbooks b - a blessed spellbook of force bolt c - an uncursed spellbook of wizard lock D - an uncursed spellbook of haste self U - an uncursed spellbook of healing Potions V - an uncursed potion of restore ability W - an uncursed potion of sleeping Rings l - a cursed -1 ring of stealth Wands d - an uncursed wand of nothing (0:6) Tools w - an uncursed magic whistle Q - an uncursed frost horn (0:4) Gems n - an uncursed worthless piece of white glass q - an uncursed worthless piece of black glass Spells and supernatural/magical abilities: Name Level Category Fail Memory a - force bolt 1 attack 0% 91% w - wizard lock 2 matter 38% 91% W - pray for help -- divine ? -- Your skills at the end: Miscellaneous Skills wands [Basic] Weapon Skills quarterstaff [Basic] crossbow [Basic] Spellcasting Skills attack spells [Basic] enchantment spells [Basic] Final Attributes: You were devoutly aligned. You were magic-protected. Your writing hand was a little cramped from use. You had infravision. You were stealthy. You were unlucky. Thoth was angry with you. You are dead. Vanquished creatures: 2 small mimics a dust vortex a fog cloud a homunculus a jitterbug a giant bat 3 coyotes a gecko a hobgoblin 2 giant rats a yellow mold 7 manes 6 jackals a kobold a newt a sewer rat a grid bug 2 bats 4 lichens a kobold zombie 39 creatures vanquished. Voluntary challenges: You followed a strict vegan diet. You did not adorn yourself with jewelry or accessories. You did not cause conflict. You were not invisible. You did not have reflection. You were not displaced. You used a wielded weapon 77 times, starting on turn 179. You did not use tools. You did not use plumbed fixtures. You did not drink any magical draughts. You read items or engraved 2 times, starting on turn 1732. You never genocided any monsters. You never polymorphed an object. You never changed form. You used no wishes. You never split a pudding. You wrote Elbereth's name 2 times, starting on turn 1732. You never violated your personal moral code. Dungeon overview: The Dungeons of Doom: levels 1 to 7 Level 1 a fountain a long staircase Level 2 a sink Level 3 Level 4 Level 5 Level 6 Level 7 <- You were here a general store History has recorded: On T:1 you entered the Dungeons of Doom to retrieve the Amulet of Yendor! On T:342 you reached level 2 of The Dungeons of Doom. On T:602 you reached level 3 of The Dungeons of Doom. On T:645 you advanced to experience level 2. On T:855 you prayed to Thoth. On T:865 you reached level 4 of The Dungeons of Doom. On T:892 you advanced to experience level 3. On T:994 you reached level 5 of The Dungeons of Doom. On T:1030 you advanced to experience level 4. On T:1283 you reached level 6 of The Dungeons of Doom. On T:1305 you prayed to Thoth. On T:1646 you reached level 7 of The Dungeons of Doom. On T:1793 you advanced to experience level 5. Score breakdown: Gold: 598 ( 59 points) Experience: 5 levels ( 400 points) Exploration: 7 levels ( 180 points) Discoveries: 14 items ( 700 points) Variety of kills: 20 monsters ( 1000 points) Major goal: (nothing yet) ( 0 points) Survival: died (score multiplied by 3) Total score: 7017 Latest messages: You see here a dark potion (150 zorkmids). "For you, good sir; only 150 for this dark potion." V - a dark potion (unpaid, 150 zorkmids). You bought a dark potion for 150 gold pieces. "Thank you for shopping in Pakka Pakka's general store!" With great effort you move the boulder. You hit the soldier ant. The soldier ant bites! The soldier ant stings! You write in the dust with your fingers. The soldier ant turns to flee! W - a ruby potion. Never mind. This tastes like honeydew juice. (You can name a bubbly potion from the item naming menu.) Yecch! This stuff tastes like poison. Your brain is on fire. You die... Final status: Goodbye Eri the Wizard, killed by a contaminated potion... You died in The Dungeons of Doom on dungeon level 7 with 7017 points, and 598 pieces of gold, after 1878 moves. You were level 5 with a maximum of 37 hit points when you died.